TOP OF THE 1ST |
Vista Panthers batting - Pitching for Boston Rebels : RHP Mark MacGruder
|
Pitching: RHP Mark MacGruder
|
|
Batting: LHB Bob Cunningham
|
0-0: Ball 1-0: Ball 2-0: SOLO HOME RUN (Flyball, 7LD), Distance : 367 ft
|
Batting: LHB Francisco Marino
|
0-0: Swinging Strike 0-1: Ball 1-1: Ball 2-1: SINGLE (Groundball, 6MD)
|
Batting: RHB Justin Burgess
|
0-0: SINGLE (Line Drive, 5D) Francisco Marino to second
|
Batting: LHB Donovan Bird
|
0-0: Called Strike 0-1: Fly out, F8 (Flyball, 89D) Runner from 2nd tags up, SAFE at 3rd, no throw
|
Batting: SHB Mark Wells
|
0-0: Swinging Strike 0-1: Swinging Strike 0-2: Ball 1-2: Ball 2-2: Fly out, F7 (Flyball, 7) Runner from 3rd tags up, SCORES, no throw
|
Batting: RHB Cisco Gatán
|
0-0: Ball 1-0: Ball 2-0: Ball 3-0: Called Strike 3-1: Base on Balls Justin Burgess to second
|
Batting: RHB Salvador Salas
|
0-0: Ball 1-0: Foul Ball, location: 2F 1-1: Fly out, F8 (Flyball, 8RM)
|
Top of the 1st over - 2 run(s), 3 hit(s), 0 error(s), 2 left on base; Vista 2 - Boston 0 |
BOTTOM OF THE 1ST |
Boston Rebels batting - Pitching for Vista Panthers : RHP Dave Jackson
|
Pitching: RHP Dave Jackson
|
|
Batting: RHB Aaron Washington
|
0-0: Ground out U3 (Groundball, 34)
|
Batting: RHB Gerardo Escobedo
|
0-0: Ball 1-0: Fly out, F7 (Line Drive, 7)
|
Batting: LHB Bill Wilson
|
0-0: Foul Ball, location: 2F 0-1: Ball 1-1: Foul Ball, location: 2F 1-2: Fly out, F3 (Line Drive, 3)
|
Bottom of the 1st over - 0 run(s), 0 hit(s), 0 error(s), 0 left on base; Vista 2 - Boston 0 |
TOP OF THE 2ND |
Vista Panthers batting - Pitching for Boston Rebels : RHP Mark MacGruder
|
Batting: RHB Phil Matthews
|
0-0: SOLO HOME RUN (Flyball, 78XD), Distance : 431 ft
|
Batting: RHB Roberto Cruz
|
0-0: Called Strike 0-1: Ground out 5-3 (Groundball, 56S)
|
Batting: LHB Bob Cunningham
|
0-0: Foul Ball, location: 2F 0-1: Foul Ball, location: 2F 0-2: Fly out, F8 (Flyball, 8LS)
|
Batting: LHB Francisco Marino
|
0-0: Fly out, F8 (Line Drive, 8LD)
|
Top of the 2nd over - 1 run(s), 1 hit(s), 0 error(s), 0 left on base; Vista 3 - Boston 0 |
BOTTOM OF THE 2ND |
Boston Rebels batting - Pitching for Vista Panthers : RHP Dave Jackson
|
Batting: LHB Lorenzo Flores
|
0-0: Called Strike 0-1: Ball 1-1: Called Strike 1-2: Strikes out looking
|
Batting: RHB Pedro Rodríguez
|
0-0: Ball 1-0: Foul Ball, location: 2F 1-1: Ground out 5-3 (Groundball, 5L)
|
Batting: LHB Felipe Guerrero
|
0-0: Foul Ball, location: 2F 0-1: Ball 1-1: Swinging Strike 1-2: Strikes out swinging, 2-3 out at first.
|
Bottom of the 2nd over - 0 run(s), 0 hit(s), 0 error(s), 0 left on base; Vista 3 - Boston 0 |
TOP OF THE 3RD |
Vista Panthers batting - Pitching for Boston Rebels : RHP Mark MacGruder
|
Batting: RHB Justin Burgess
|
0-0: Ball 1-0: Swinging Strike 1-1: Swinging Strike 1-2: Ball 2-2: Ground out 5-3 (Groundball, 56S)
|
Batting: LHB Donovan Bird
|
0-0: SINGLE (Groundball, 4MD)
|
Batting: SHB Mark Wells
|
0-0: Foul Ball, location: 2F 0-1: Ground out U3 (Groundball, 34) Donovan Bird to second
|
Batting: RHB Cisco Gatán
|
0-0: Ball 1-0: Ball 2-0: SINGLE (Groundball, 56D) Donovan Bird to third Runner from 3rd tries for Home, SAFE, throw made home Cisco Gatán to second
|
Batting: RHB Salvador Salas
|
0-0: Called Strike 0-1: Swinging Strike 0-2: Ball 1-2: Foul Ball, location: 2F 1-2: 2-RUN HOME RUN (Flyball, 78XD), Distance : 439 ft
|
Batting: RHB Phil Matthews
|
0-0: Foul Ball, location: 2F 0-1: Ball 1-1: Ball 2-1: Foul Ball, location: 2F 2-2: Ball 3-2: Base on Balls
|
Batting: RHB Roberto Cruz
|
0-0: Fielders Choice at 2nd, 4-6 (Groundball, 4)
|
Top of the 3rd over - 3 run(s), 3 hit(s), 0 error(s), 0 left on base; Vista 6 - Boston 0 |
BOTTOM OF THE 3RD |
Boston Rebels batting - Pitching for Vista Panthers : RHP Dave Jackson
|
Batting: RHB Ronnie Brown
|
0-0: Ball 1-0: Called Strike 1-1: Foul Ball, location: 2F 1-2: Fly out, F2 (Popup, 23)
|
Batting: LHB Arturo Molina
|
0-0: Ground out 4-3 (Groundball, 34)
|
Batting: RHB Alberto Ramos
|
0-0: Called Strike 0-1: SINGLE (Flyball, 89S)
|
Batting: RHB Aaron Washington
|
0-0: Called Strike 0-1: Foul Ball, location: 2F 0-2: Ball 1-2: Ball 2-2: Foul Ball, location: 2F 2-2: Foul Ball, location: 2F 2-2: Foul Ball, location: 2F 2-2: Fielders Choice at 2nd, 5-4 (Groundball, 56)
|
Bottom of the 3rd over - 0 run(s), 1 hit(s), 0 error(s), 0 left on base; Vista 6 - Boston 0 |
TOP OF THE 4TH |
Vista Panthers batting - Pitching for Boston Rebels : RHP Mark MacGruder
|
Batting: LHB Bob Cunningham
|
0-0: Ground out U3 (Groundball, 3)
|
Batting: LHB Francisco Marino
|
0-0: Ball 1-0: Ball 2-0: Called Strike 2-1: SINGLE (Line Drive, 8LS)
|
Pitching: RHP Alfredo Ruíz
|
|
Batting: RHB Justin Burgess
|
0-0: Ground out 3-1 (Groundball, 34S) Francisco Marino to second
|
Batting: LHB Donovan Bird
|
0-0: Ball 1-0: Called Strike 1-1: Called Strike 1-2: Ball 2-2: Fly out, F4 (Popup, 4S)
|
Top of the 4th over - 0 run(s), 1 hit(s), 0 error(s), 1 left on base; Vista 6 - Boston 0 |
BOTTOM OF THE 4TH |
Boston Rebels batting - Pitching for Vista Panthers : RHP Dave Jackson
|
Batting: RHB Gerardo Escobedo
|
0-0: Ball 1-0: Ground out 4-3 (Groundball, 4)
|
Batting: LHB Bill Wilson
|
0-0: Ball 1-0: Called Strike 1-1: Ball 2-1: Foul Ball, location: 2F 2-2: Ball 3-2: Fly out, F7 (Flyball, 7D)
|
Batting: LHB Lorenzo Flores
|
0-0: Called Strike 0-1: Foul Ball, location: 2F 0-2: Ball 1-2: Strikes out looking
|
Bottom of the 4th over - 0 run(s), 0 hit(s), 0 error(s), 0 left on base; Vista 6 - Boston 0 |
TOP OF THE 5TH |
Vista Panthers batting - Pitching for Boston Rebels : RHP Alfredo Ruíz
|
Batting: SHB Mark Wells
|
0-0: Called Strike 0-1: Ball 1-1: Ball 2-1: Fly out, F9 (Flyball, 9LM)
|
Batting: RHB Cisco Gatán
|
0-0: Called Strike 0-1: Called Strike 0-2: Ball 1-2: Ball 2-2: Ball 3-2: Foul Ball, location: 2F 3-2: DOUBLE (Line Drive, 5D)
|
Batting: RHB Salvador Salas
|
0-0: Foul Ball, location: 2F 0-1: Ball 1-1: Foul Ball, location: 2F 1-2: Foul Ball, location: 2F 1-2: Ground out 4-3 (Groundball, 34) Cisco Gatán to third
|
Batting: RHB Phil Matthews
|
0-0: Called Strike 0-1: Called Strike 0-2: Ball 1-2: Ball 2-2: Ball 3-2: Base on Balls
|
Batting: RHB Roberto Cruz
|
0-0: Ball 1-0: Ball 2-0: Called Strike 2-1: Fly out, F9 (Flyball, 9LSF)
|
Top of the 5th over - 0 run(s), 1 hit(s), 0 error(s), 2 left on base; Vista 6 - Boston 0 |
BOTTOM OF THE 5TH |
Boston Rebels batting - Pitching for Vista Panthers : RHP Dave Jackson
|
Batting: RHB Pedro Rodríguez
|
0-0: Fly out, F8 (Flyball, 8RS)
|
Batting: LHB Felipe Guerrero
|
0-0: Called Strike 0-1: Fly out, F9 (Flyball, 9D)
|
Batting: RHB Ronnie Brown
|
0-0: Called Strike 0-1: Ground out 6-3 (Groundball, 6S)
|
Bottom of the 5th over - 0 run(s), 0 hit(s), 0 error(s), 0 left on base; Vista 6 - Boston 0 |
TOP OF THE 6TH |
Vista Panthers batting - Pitching for Boston Rebels : RHP Alfredo Ruíz
|
Batting: LHB Bob Cunningham
|
0-0: Ball 1-0: Fly out, F4 (Popup, 4D)
|
Batting: LHB Francisco Marino
|
0-0: Called Strike 0-1: Ball 1-1: Called Strike 1-2: Foul Ball, location: 2F 1-2: Ball 2-2: Fly out, F9 (Line Drive, 9D)
|
Batting: RHB Justin Burgess
|
0-0: SINGLE (Line Drive, 56)
|
Batting: LHB Donovan Bird
|
0-0: Ball 1-0: Called Strike 1-1: Foul Ball, location: 2F 1-2: Ball 2-2: Foul Ball, location: 2F 2-2: Ball 3-2: Ground out 4-3 (Groundball, 34)
|
Top of the 6th over - 0 run(s), 1 hit(s), 0 error(s), 1 left on base; Vista 6 - Boston 0 |
BOTTOM OF THE 6TH |
Boston Rebels batting - Pitching for Vista Panthers : RHP Dave Jackson
|
Batting: LHB Arturo Molina
|
0-0: Ball 1-0: Ball 2-0: Fly out, F6 (Line Drive, 6)
|
Batting: RHB Alberto Ramos
|
0-0: Ball 1-0: Called Strike 1-1: SINGLE (Groundball, 6MD)
|
Batting: RHB Aaron Washington
|
0-0: Ball 1-0: Ball 2-0: Called Strike 2-1: Ball 3-1: Foul Ball, location: 2F 3-2: Base on Balls Alberto Ramos to second
|
Batting: RHB Gerardo Escobedo
|
0-0: Ball 1-0: Ball 2-0: Grounds into double play, 4-6-3 (Groundball, 4)
|
Bottom of the 6th over - 0 run(s), 1 hit(s), 0 error(s), 1 left on base; Vista 6 - Boston 0 |
TOP OF THE 7TH |
Vista Panthers batting - Pitching for Boston Rebels : RHP Alfredo Ruíz
|
Batting: SHB Mark Wells
|
0-0: Ball 1-0: Ball 2-0: Called Strike 2-1: DOUBLE (Line Drive, 7D)
|
Pitching: RHP Ki-tong Shiu
|
|
Batting: RHB Cisco Gatán
|
0-0: Foul Ball, location: 2F 0-1: Ground out 6-3 (Groundball, 56)
|
Batting: RHB Salvador Salas
|
0-0: SINGLE (Line Drive, 34D) Mark Wells to third Throwing error, E9 Mark Wells scores Salvador Salas to second
|
Batting: RHB Phil Matthews
|
0-0: DOUBLE (Line Drive, 7LM) Salvador Salas scores
|
Batting: RHB Roberto Cruz
|
0-0: Ball 1-0: Ball 2-0: Ground out 6-3 (Groundball, 6)
|
Batting: LHB Bob Cunningham
|
0-0: Called Strike 0-1: Swinging Strike 0-2: Ball 1-2: Strikes out looking
|
Top of the 7th over - 2 run(s), 3 hit(s), 1 error(s), 1 left on base; Vista 8 - Boston 0 |
BOTTOM OF THE 7TH |
Boston Rebels batting - Pitching for Vista Panthers : RHP Dave Jackson
|
Batting: LHB Bill Wilson
|
0-0: Ball 1-0: Foul Ball, location: 2F 1-1: Foul Ball, location: 2F 1-2: Foul Ball, location: 2F 1-2: Strikes out swinging
|
Batting: LHB Lorenzo Flores
|
0-0: SOLO HOME RUN (Flyball, 78D), Distance : 414 ft
|
Batting: RHB Pedro Rodríguez
|
0-0: Ball 1-0: Called Strike 1-1: Swinging Strike 1-2: Strikes out swinging
|
Batting: LHB Felipe Guerrero
|
0-0: Ball 1-0: Fly out, F8 (Flyball, 8LM)
|
Bottom of the 7th over - 1 run(s), 1 hit(s), 0 error(s), 0 left on base; Vista 8 - Boston 1 |
TOP OF THE 8TH |
Vista Panthers batting - Pitching for Boston Rebels : RHP Ki-tong Shiu
|
Batting: LHB Francisco Marino
|
0-0: Swinging Strike 0-1: Called Strike 0-2: Ball 1-2: Strikes out swinging
|
Batting: RHB Justin Burgess
|
0-0: Called Strike 0-1: Foul Ball, location: 2F 0-2: SINGLE (Line Drive, 89S)
|
Batting: LHB Donovan Bird
|
0-0: Called Strike 0-1: Ball 1-1: Fielders Choice at 2nd, 3-6 (Groundball, 3)
|
Batting: SHB Mark Wells
|
0-0: Foul Ball, location: 2F 0-1: DOUBLE (Line Drive, 9LS) Donovan Bird to third
|
Batting: RHB Cisco Gatán
|
0-0: Ball 1-0: SINGLE (Groundball, 6MD) Donovan Bird scores Mark Wells to third Runner from 3rd tries for Home, SAFE, no throw
|
Pitching: RHP Manuel Jimenen
|
|
Batting: RHB Salvador Salas
|
0-0: Foul Ball, location: 2F 0-1: Foul Ball, location: 2F 0-2: Strikes out swinging
|
Top of the 8th over - 2 run(s), 3 hit(s), 0 error(s), 1 left on base; Vista 10 - Boston 1 |
BOTTOM OF THE 8TH |
Boston Rebels batting - Pitching for Vista Panthers : RHP Dave Jackson
|
Batting: RHB Ronnie Brown
|
0-0: Ball 1-0: Ball 2-0: SINGLE (Line Drive, 56D)
|
Batting: LHB Arturo Molina
|
0-0: Foul Ball, location: 2F 0-1: Called Strike 0-2: Foul Ball, location: 2F 0-2: Ball 1-2: Ball 2-2: Grounds into double play, 6-4-3 (Groundball, 6)
|
Batting: RHB Alberto Ramos
|
0-0: Ball 1-0: Swinging Strike 1-1: Swinging Strike 1-2: Ground out U3 (Groundball, 34)
|
Bottom of the 8th over - 0 run(s), 1 hit(s), 0 error(s), 0 left on base; Vista 10 - Boston 1 |
TOP OF THE 9TH |
Vista Panthers batting - Pitching for Boston Rebels : RHP Manuel Jimenen
|
Batting: RHB Phil Matthews
|
0-0: Ball 1-0: Swinging Strike 1-1: Ball 2-1: Called Strike 2-2: Fly out, F8 (Flyball, 8RD)
|
Batting: RHB Roberto Cruz
|
0-0: Single, Error in OF, E7, batter to second base
|
Batting: LHB Bob Cunningham
|
0-0: Ground out 4-3 (Groundball, 4M) Roberto Cruz to third
|
Batting: LHB Francisco Marino
|
0-0: Ball 1-0: Ball 2-0: Foul Ball, location: 2F 2-1: Foul Ball, location: 2F 2-2: Strikes out swinging, 2-3 out at first.
|
Top of the 9th over - 0 run(s), 1 hit(s), 1 error(s), 1 left on base; Vista 10 - Boston 1 |
BOTTOM OF THE 9TH |
Boston Rebels batting - Pitching for Vista Panthers : RHP Dave Jackson
|
Pitching: RHP Mitsunari Taguchi
|
|
Batting: RHB Aaron Washington
|
0-0: Called Strike 0-1: Ground out 4-3 (Groundball, 4)
|
Batting: RHB Gerardo Escobedo
|
0-0: Ball 1-0: Ground out 6-3 (Groundball, 6)
|
Batting: LHB Bill Wilson
|
0-0: Called Strike 0-1: Foul Ball, location: 2F 0-2: Ball 1-2: Ball 2-2: Ground out 6-3 (Groundball, 6)
|
Bottom of the 9th over - 0 run(s), 0 hit(s), 0 error(s), 0 left on base; Vista 10 - Boston 1 |
|